 Dungeon Crawl Stone Soup version 0.17-a0-1301-ga863c44 (webtiles) character file.

70 Hanyuu the Chopper (level 4, 33/33 HPs)
             Began as a Demonspawn Gladiator on June 7, 2015.
             Quit the game on level 2 of the Dungeon.
             The game lasted 00:03:49 (1399 turns).

Hanyuu the Chopper (Demonspawn Gladiator)           Turns: 1399, Time: 00:03:49

Health: 33/33      AC: 10    Str: 16    XL:     4   Next: 4%
Magic:  13/13      EV: 12    Int: 10    God:
Gold:   81         SH:  0    Dex: 13    Spells: 0 memorised, 3 levels left

rFire  + . .     SeeInvis .     a - +0 war axe
rCold  . . .     Clarity  .     o - +2 scale mail {rF+}
rNeg   . . .     SustAt   .     (no shield)
rPois  .         Gourm    .     c - +0 helmet
rElec  .         Spirit   .     (no cloak)
rCorr  .         Warding  .     g - +0 pair of gloves
rMut   .         Stasis   .     (no boots)
MR     .....                    (no amulet)
Stlth  ..........               (no ring)
                                t - ring of magical power

@: not resistant to hostile enchantments, extremely unstealthy
A: claws 1, repulsion field 1, rot immunity
a: no special abilities


You were on level 2 of the Dungeon.
You were not hungry.

You visited 1 branch of the dungeon, and saw 2 of its levels.

You collected 81 gold pieces.

Inventory:

Hand weapons
 a - a +0 war axe (weapon)
Missiles
 d - 3 throwing nets (quivered)
 m - 4 curare-tipped needles
Armour
 b - a +0 leather armour
 c - a +0 helmet (worn)
 f - a +0 ring mail
 g - a +0 pair of gloves (worn)
 h - a +0 chain mail
 o - a +2 scale mail of fire resistance (worn)
Jewellery
 t - a ring of magical power (left hand)
Scrolls
 l - a scroll of teleportation {unknown}
 n - a scroll of blinking {unknown}
 q - a scroll of magic mapping {unknown}
 s - 2 scrolls of enchant armour {unknown}
 v - a scroll of random uselessness {unknown}
 w - a scroll of identify {unknown}
Potions
 i - a potion of mutation {unknown}
 p - a potion of heal wounds {unknown}
 r - a potion of ambrosia {unknown}
 x - a potion of haste {unknown}
 z - a potion of resistance {unknown}
Comestibles
 e - 2 bread rations
 j - 2 meat rations
 k - 11 chunks of flesh
 u - a beef jerky


   Skills:
 - Level 2.0 Fighting
 + Level 4.4 Axes
 - Level 1.7 Throwing
 - Level 2.6 Dodging


You had 3 spell levels left.
You didn't know any spells.

Dungeon Overview and Level Annotations

Branches:
Dungeon (2/15)

Altars:
Nemelex Xobeh
Okawaru


Innate Abilities, Weirdness & Mutations

You have sharp fingernails.
You are surrounded by a mild repulsion field (EV +2).
You are immune to rotting.


Message History

Things that are here:
a club; a hobgoblin skeleton
d - 3 throwing nets (gained 1)
e - 2 bread rations (gained 1)
You open the door.
There is an open door here.
A rat and a kobold come into view.
The kobold hits you but does no damage.
You slash the kobold!
You kill the kobold!
Found a stone staircase leading down.
You closely miss the rat. The rat misses you.
You barely miss the rat. The rat misses you. The rat misses you.
You slash the rat!
You kill the rat!
No target in view!
You open the door.
There is an open door here.
Found a stone staircase leading up.
Are you sure you want to abandon this character and quit the game? (Confirm with "yes".)

........ ...#### ### ...#
#<. ...# #.. ...# . #..#
...# #. #..# ...#
#.###..# ...#
#......###### ####
#..#..@....# ..[#
#....#####.# ...#
######.##.#####.#######
...+
.................>.....
...#
######.#.#.##.....####
...# #.#.†..'.....# ...#
#.###.##.....#
...#########..##.##.....#
...#.......##.##.########


There were no monsters in sight!

Vanquished Creatures
  Natasha (D:2)
  An adder (D:1)
  4 bats
  4 giant cockroaches
  7 hobgoblins
  3 jackals (D:2)
  4 kobolds
  A ball python (D:1)
  A giant gecko (D:1)
  4 giant newts
  A goblin (D:2)
  6 rats
37 creatures vanquished.

Notes
Turn   | Place    | Note
--------------------------------------------------------------
     0 | D:1      | Hanyuu the Demonspawn Gladiator began the quest for the Orb.
     0 | D:1      | Reached XP level 1. HP: 16/16 MP: 1/1
    94 | D:1      | Reached skill level 3 in Axes
   181 | D:1      | Found an iron altar of Okawaru.
   242 | D:1      | Gained mutation: You are surrounded by a mild repulsion field (EV +2). [demonic ancestry]
   242 | D:1      | Reached XP level 2. HP: 19/22 MP: 2/2
  1072 | D:2      | Gained mutation: You are immune to rotting. [demonic ancestry]
  1072 | D:2      | Reached XP level 3. HP: 27/27 MP: 3/3
  1200 | D:2      | Reached skill level 4 in Axes
  1253 | D:2      | Found a sparkling altar of Nemelex Xobeh.
  1308 | D:2      | Found a sparkling altar of Nemelex Xobeh.
  1339 | D:2      | Noticed Natasha
  1349 | D:2      | Killed Natasha
  1349 | D:2      | Gained mutation: You have sharp fingernails. [demonic ancestry]
  1349 | D:2      | Reached XP level 4. HP: 33/33 MP: 4/4
  1399 | D:2      | Quit the game

Vault maps used:
D:1:      co_arrival_random_square_maze, okawaru_ov_weapons_minmay
D:2:      nicolae_overflow_crystal_walls, first_bread, nemelex_altar_shiori,
          uniq_natasha

Action                   |  1- 3 |  4- 6 || total
-------------------------+-------+-------++-------
Melee: War axe           |   137 |     6 ||   143
Throw: Throwing net      |     1 |       ||     1
  Eat: Chunk             |     2 |       ||     2
